 Dungeon Crawl Stone Soup version 0.21.1-1-g345015f (webtiles) character file.

1534 Mesmaeker13 the Chiller (level 8, 0/46 HPs)
             Began as an Octopode Ice Elementalist on July 26, 2018.
             Was a Follower of Sif Muna.
             Killed from afar by an orc wizard (7 damage)
             ... with a puff of frost
             ... on level 7 of the Dungeon.
             The game lasted 00:16:57 (8072 turns).

Mesmaeker13 the Chiller (Octopode Ice Elementalist) Turns: 8072, Time: 00:16:58

Health: 0/46       AC:  2    Str:  7    XL:     8   Next: 86%
Magic:  6/11       EV: 17    Int: 20    God:    Sif Muna [*.....]
Gold:   309        SH:  0    Dex: 12    Spells: 1/11 levels left

rFire    . . .     SeeInvis .   w - +1 whip (elec)
rCold    . . .     Gourm    .   (no shield)
rNeg     + . .     Faith    .   (helmet restricted)
rPois    +         Spirit   .   (no amulet)
rElec    .         Reflect  .   j - +1 ring of evasion
rCorr    .         Harm     .   t - ring of Compassion {rPois rN+ Stlth+}
MR       .....                  s - +1 ring of protection
Stlth    ++++......             (no ring)
HPRegen  0.15/turn              (no ring)
MPRegen  0.12/turn              (no ring)
                                (no ring)
                                (no ring)

@: no status effects
A: almost no armour, stealthy swim, amphibious, 8 rings, constrict 8, camouflage
1, gelatinous body 1
a: Divine Energy, Renounce Religion


You were on level 7 of the Dungeon.
You worshipped Sif Muna.
Sif Muna was aware of your devotion.
You were not hungry.

You visited 2 branches of the dungeon, and saw 8 of its levels.

You collected 309 gold pieces.

Inventory:

Hand Weapons
 w - a +1 whip of electrocution (weapon)
Missiles
 c - 9 poisoned needles
 h - 7 javelins (quivered)
 r - 5 tomahawks
Jewellery
 j - a +1 ring of evasion (left tentacle)
 s - a +1 ring of protection (on tentacle)
 t - the ring of Compassion (right tentacle) {rPois rN+ Stlth+}
   (You found it on level 4 of the Dungeon)

   [ring of stealth]

   It protects you from poison.
   It protects you from negative energy.
   It makes you more stealthy.
Wands
 i - a wand of iceblast (1)
Scrolls
 d - 3 scrolls of blinking
 e - a scroll of enchant weapon
 k - 2 scrolls of amnesia
 n - 4 scrolls of magic mapping
 o - 2 scrolls of teleportation
 p - 3 scrolls of fear
 u - a scroll of holy word {unknown}
Potions
 f - a potion of mutation {unknown}
 g - 2 potions of heal wounds
 m - a potion of lignification {unknown}
 q - a potion of agility {unknown}
 x - a potion of might {unknown}
Books
 a - a book of Frost

   Spells                             Type                      Level
   a - Freeze                         Ice                          1
   b - Throw Frost                    Conjuration/Ice              2
   c - Ozocubu's Armour               Charms/Ice                   3
   d - Throw Icicle                   Conjuration/Ice              4
   e - Summon Ice Beast               Ice/Summoning                4
 v - a book of Maledictions

   Spells                             Type                      Level
   a - Corona                         Hexes                        1
   b - Ensorcelled Hibernation        Hexes/Ice                    2
   c - Confuse                        Hexes                        3
   d - Tukima's Dance                 Hexes                        3
   e - Dazzling Spray                 Conjuration/Hexes            3
Comestibles
 b - 12 rations
 l - 3 chunks of flesh


   Skills:
 + Level 6.4 Dodging
 - Level 2.6 Stealth
 - Level 2.0 Spellcasting
 - Level 5.0 Conjurations
 + Level 3.6 Summonings
 + Level 6.8 Ice Magic


You had one spell level left.
You knew the following spells:

 Your Spells              Type           Power        Failure   Level  Hunger
a - Freeze                Ice            ####         1%          1    #......
b - Throw Frost           Conj/Ice       ####..       1%          2    ##.....
c - Ozocubu's Armour      Chrm/Ice       ###.....     12%         3    ###....
d - Summon Ice Beast      Ice/Summ       ###.....     19%         4    #####..


Dungeon Overview and Level Annotations

Branches:
Dungeon (7/15)             Temple (1/1) D:5

Altars:
Ashenzari
Cheibriados
Dithmenos
Elyvilon
Fedhas
Gozag
Hepliaklqana
Makhleb
Nemelex Xobeh
Ru
Sif Muna
Trog
Uskayaw
Vehumet
Wu Jian
Xom
Yredelemnul
Zin
The Shining One

Annotations:
D:6 tyranidshit's ghost, novice DsAK


Innate Abilities, Weirdness & Mutations

You cannot wear most types of armour.
You are very stealthy in the water. (Stealth+)
You are amphibious.
You can wear up to eight rings at the same time.
You can use your tentacles to constrict eight enemies at once.
Your skin changes colour to match your surroundings (Stealth+).
Your rubbery body absorbs attacks. (AC +1, EV +1)


Message History

You barely miss something. Something hits you.
You hear some strange, mumbled words.
A magic dart appears from out of thin air!
The magic dart hits you!
You miss something. Something hits you. Something hits you but does no damage.
You barely miss something. Something hits you but does no damage.
Something hits you.
You miss something. Something hits you but does no damage.
You closely miss something. You squeeze something. Something hits you.
Something hits you but does no damage.
You closely miss something. Something hits you.
You closely miss something. You squeeze something. Something hits you.
* * * LOW HITPOINT WARNING * * *
Something hits you but does no damage.
You closely miss something. Something hits you.
* * * LOW HITPOINT WARNING * * *
You hear some strange, mumbled words.
A puff of frost appears from out of thin air!
The puff of frost hits you!
You die...

# ### #.#..
###.#.#.#######
.......){......
##. #.##.#@##
...#. #.##.#).#
.....##.##.##.#
....#.##.##.####
...#.##.......#
#####.#.##.##.##.#
...#..)....#.# .#
. #.#.#.###.#.. ..
.. #.....#
#.####.###...


There were no monsters in sight!

Vanquished Creatures
  A hippogriff (D:5)
  A sky beast (D:6)
  An ogre (D:5)
  A scorpion (D:4)
  A wight (D:6)
  2 crimson imps (D:5)
  4 orc priests
  A bullfrog skeleton (D:4)
  2 hounds
  6 orc wizards
  4 iguanas
  Natasha (thrice) (D:4)
  4 worker ants
  11 adders
  An adder skeleton (D:4)
  3 worms
  4 dart slugs
  8 leopard geckos
  18 orcs
  3 giant cockroaches
  6 goblins
  7 hobgoblins
  8 jackals
  A quokka (D:3)
  2 bats
  8 frilled lizards
  A hobgoblin zombie (D:6)
  5 kobolds
  2 kobold skeletons (D:6)
  A kobold zombie (D:6)
  A quokka zombie (D:6)
  5 rats
126 creatures vanquished.

Vanquished Creatures (collateral kills)
  An ice beast (D:7)
  An orc warrior (D:5)
  The ghost of dscm the Ruffian, a weakling DrMo (D:4)
  A hound zombie (D:7)
  A shadow imp (D:6)
5 creatures vanquished.

Grand Total: 131 creatures vanquished

Notes
Turn   | Place    | Note
-------+----------+-------------------------------------------
     0 | D:1      | Mesmaeker13 the Octopode Ice Elementalist began the quest for the Orb.
     0 | D:1      | Reached XP level 1. HP: 11/11 MP: 3/3
     6 | D:1      | Noticed a black bear
     6 | D:1      | Noticed a lindwurm
     6 | D:1      | Noticed a wyvern
     6 | D:1      | Noticed a black mamba
   323 | D:1      | Reached XP level 2. HP: 17/17 MP: 5/5
   745 | D:2      | Reached XP level 3. HP: 18/21 MP: 0/6
   836 | D:2      | Found a white marble altar of Elyvilon.
   890 | D:2      | Learned a level 2 spell: Throw Frost
  1162 | D:2      | Reached XP level 4. HP: 16/27 MP: 0/7
  2065 | D:3      | Found a shimmering altar of Xom.
  2118 | D:3      | Found a blossoming altar of Fedhas.
  2663 | D:4      | Reached XP level 5. HP: 23/31 MP: 4/8
  3253 | D:4      | Reached XP level 6. HP: 36/36 MP: 3/9
  3258 | D:4      | Learned a level 3 spell: Ozocubu's Armour
  3630 | D:4      | Noticed Natasha
  3762 | D:4      | Noticed dscm's ghost (weakling DrMo)
  3786 | D:4      | Killed Natasha
  3854 | D:4      | Got a smoking iron ring
  3864 | D:4      | Noticed Natasha
  3885 | D:4      | Killed Natasha
  3885 | D:4      | Reached skill level 5 in Ice Magic
  3886 | D:4      | Identified the ring of Compassion {rPois rN+ Stlth+} (You found it on level 4 of the Dungeon)
  3946 | D:5      | Entered Level 5 of the Dungeon
  4031 | D:5      | Reached XP level 7. HP: 29/41 MP: 1/10
  4135 | D:5      | Found a staircase to the Ecumenical Temple.
  4142 | Temple   | Entered the Ecumenical Temple
  4155 | Temple   | Became a worshipper of Sif Muna the Loreminder
  4323 | D:5      | Learned a level 4 spell: Summon Ice Beast
  4336 | D:5      | Reached skill level 5 in Dodging
  5084 | D:5      | Reached skill level 1 in Summonings
  5242 | D:5      | Noticed a hippogriff
  5251 | D:5      | Killed a hippogriff
  5251 | D:5      | Reached XP level 8. HP: 38/46 MP: 0/11
  5503 | D:5      | Found a bloodstained altar of Trog.
  5641 | D:6      | Noticed tyranidshit's ghost (novice DsAK)
  5709 | D:4      | Killed dscm's ghost
  5718 | D:4      | Noticed Natasha
  5722 | D:4      | Killed Natasha
  6072 | D:4      | Found a hazy altar of Hepliaklqana.
  6298 | D:6      | Found a glowing golden altar of the Shining One.
  6585 | D:6      | Reached skill level 5 in Conjurations
  7051 | D:6      | Reached * piety under Sif Muna
  8072 | D:7      | Killed from afar by an orc wizard

Skill      XL: |  1  2  3  4  5  6  7  8 |
---------------+-------------------------+-----
Dodging        | 3 4 5 6 |  6.4
Ice Magic      | 4 5 6 |  6.8
Conjurations   | 2 3 4 5 |  5.0
Summonings     | 1 3 |  3.6
Stealth        | |  2.6
Spellcasting   | |  2.0

Action                   |  1- 3 |  4- 6 |  7- 9 || total
-------------------------+-------+-------+-------++-------
Melee: Unarmed           |     7 |       |       ||     7
       Constrict         |     9 |    11 |    16 ||    36
       Dagger            |    24 |    36 |    67 ||   127
       Tentacles         |     8 |     1 |    15 ||    24
       Whip              |       |       |    14 ||    14
Throw: Javelin           |       |     1 |       ||     1
       Tomahawk          |       |     1 |       ||     1
 Cast: Freeze            |    34 |    71 |    73 ||   178
       Throw Frost       |       |    20 |    36 ||    56
       Ozocubu's Armour  |       |     1 |     1 ||     2
       Summon Ice Beast  |       |       |    11 ||    11
  Use: Scroll            |       |     7 |     4 ||    11
 Stab: Sleeping          |     4 |     8 |     1 ||    13
  Eat: Chunk             |     1 |    11 |    15 ||    27
       Ration            |       |       |     1 ||     1
Armor: Skin              |     4 |     2 |    15 ||    21
Dodge: Dodged            |    49 |    43 |    88 ||   180
